Map: 2000 Atmospheres LE

Players

BLACKNOVA

  • Race: Zerg Zerg
  • League: Diamond

Ferrer - Winner!

  • Race: Terran Terran
  • League: Diamond

VOD

Have the link to the VOD?

Description

Time

  • Played on: July 13, 2021, 10:05 p.m.
  • Length: 26:48
Show
View Real Time Build Order
Export as new Build Order

BLACKNOVA Zerg 

Build Orders: Pool First 

Get SALT Encoding   

  12  0:00  Drone  
  13  0:08  Drone  
  14  0:16  Overlord  
  14  0:35  Drone  
  15  0:36  Drone x2  
  17  0:48  Drone  
  18  0:52  Spawning Pool  
  17  0:58  Drone  
  18  1:16  Hatchery  
  17  1:19  Drone  
  17  1:22  Extractor  
  17  1:31  Drone  
  17  1:32  Drone  
  19  1:39  Queen  
  21  1:42  Overlord  
  21  1:50  Drone  
  22  2:06  Drone  
  22  2:13  Drone  
  23  2:26  Drone  
  23  2:27  Queen  
  23  2:28  Drone  
  26  2:52  Zergling x2  
  26  2:53  Zergling x12  
  26  2:56  Metabolic Boost  
  33  3:03  Drone x2  
  35  3:17  Drone  
  36  3:25  Overlord  
  35  3:39  Overlord x2  
  35  3:41  Hatchery  
  35  3:46  Drone x6  
  35  3:47  Drone  
  37  4:00  Drone x2  
  37  4:05  Extractor  
  37  4:08  Queen  
  38  4:16  Zergling x12, Baneling Nest  
  43  4:20  Drone  
  44  4:26  Lair  
  44  4:30  Drone x2  
  46  4:38  Drone  
  47  4:43  Drone x7  
  53  4:58  Zergling x6  
  54  5:07  Zergling x2  
  54  5:08  Zergling x4  
  54  5:09  Queen  
  59  5:17  Zergling x14  
  59  5:19  Overlord  
  50  5:40  Queen  
  43  6:07  Zergling x18  
  52  6:17  Extractor, Centrifugal Hooks  
  53  6:23  Zergling x2  
  53  6:24  Zergling x16  
  60  6:30  Drone  
  61  6:38  Evolution Chamber  
  61  6:39  Drone  
  61  6:40  Drone, Spore Crawler  
  61  6:42  Evolution Chamber  
  60  6:51  Drone  
  60  6:52  Drone x8  
  69  6:58  Hatchery  
  59  7:12  Zergling x2  
  59  7:13  Zergling x12  
  49  7:31  Zerg Melee Weapons Level 1, Zerg Ground Armor Level 1  
  49  7:33  Zergling x18  
  59  7:37  Drone x2  
  59  7:40  Drone  
  61  7:47  Zergling x2  
  61  7:48  Zergling x2  
  63  7:58  Zergling x10  
  64  8:04  Drone  
  64  8:05  Drone x4  
  73  8:08  Overlord  
  73  8:09  Overlord x2  
  73  8:17  Drone x3  
  73  8:18  Drone  
  77  8:20  Queen  
  67  8:38  Zergling x2  
  67  8:39  Zergling x18  
  70  8:47  Spire  
  69  8:50  Drone  
  69  8:51  Drone x8, Infestation Pit  
  77  9:07  Zergling x2  
  77  9:08  Zergling x12  
  81  9:17  Drone  
  81  9:18  Drone x3, Extractor  
  81  9:22  Extractor, Drone  
  81  9:23  Drone x6  
  90  9:25  Extractor  
  90  9:28  Spine Crawler  
  90  9:29  Spine Crawler  
  87  9:34  Zergling x8  
  91  9:43  Zergling x12  
  91  9:44  Zergling x12  
  103  9:49  Zerg Melee Weapons Level 2, Zerg Ground Armor Level 2  
  103  10:04  Mutalisk  
  103  10:09  Baneling x5  
  103  10:10  Overlord x4, Baneling  
  87  10:30  Mutalisk  
  87  10:31  Zergling x2  
  87  10:32  Zergling x38  
  109  10:42  Extractor  
  108  10:48  Queen  
  108  10:49  Zergling x2  
  111  10:50  Zergling x6  
  106  11:16  Mutalisk, Baneling x7  
  106  11:17  Mutalisk, Baneling x2  
  102  11:30  Zergling x20  
  102  11:31  Zergling x14  
  87  11:43  Zergling x8  
  91  11:50  Queen  
  93  11:55  Hive  
  93  12:04  Zergling x10  
  93  12:05  Zergling x6  
  101  12:11  Hatchery  
  100  12:20  Drone  
  100  12:21  Drone x6  
  107  12:27  Baneling x6  
  107  12:38  Drone  
  107  12:39  Drone x12  
  107  12:44  Overseer  
  115  12:57  Zergling x14  
  97  13:17  Zergling x2  
  97  13:18  Zergling x30  
  113  13:27  Queen  
  113  13:31  Extractor  
  113  13:32  Extractor, Adrenal Glands  
  113  13:36  Zergling x2  
  113  13:37  Zergling x8  
  117  13:47  Baneling  
  117  13:48  Mutalisk, Baneling x10  
  113  13:49  Mutalisk x3  
  121  14:03  Zergling x2  
  121  14:04  Zergling x24  
  134  14:14  Mutalisk  
  134  14:15  Mutalisk x3  
  134  14:17  Overlord x2  
  140  14:33  Hatchery  
  140  14:36  Mutalisk x8  
  147  14:46  Mutalisk  
  142  14:57  Zergling x18  
  142  14:58  Zergling x8  
  131  15:14  Zergling x10  
  136  15:21  Zerg Ground Armor Level 3, Zerg Melee Weapons Level 3  
  136  15:26  Zergling x12  
  142  15:29  Extractor  
  141  15:40  Zergling x2  
  141  15:41  Zergling x6  
  144  15:54  Zergling x2  
  144  15:55  Zergling x22  
  156  16:00  Overlord x4  
  100  16:25  Zergling x2  
  100  16:26  Zergling x18  
  106  16:41  Queen  
  108  16:47  Zergling x2  
  108  16:48  Zergling x18  
  118  16:59  Zergling x2  
  118  17:00  Zergling x12  
  125  17:05  Mutalisk  
  125  17:06  Mutalisk x7  
  122  17:23  Pneumatized Carapace  
  122  17:24  Overlord x3  
  122  17:26  Zergling x20  
  122  17:27  Baneling  
  122  17:28  Baneling x10  
  132  17:40  Zergling x2  
  132  17:41  Zergling x12  
  139  17:44  Zerg Flyer Weapons Level 1  
  130  18:09  Mutalisk x2  
  130  18:10  Mutalisk x17  
  137  18:27  Zergling x8  
  137  18:28  Zergling x20  
  151  18:38  Zergling x2  
  151  18:39  Zergling x36  
  170  18:52  Queen  
  172  19:01  Zergling x2  
  172  19:02  Zergling x32  
  148  19:38  Zerg Flyer Armor Level 1  
  148  19:43  Zergling x12  
  148  19:44  Zergling x26  
  155  20:11  Hatchery  
  128  20:23  Zergling x12  
  128  20:24  Zergling x28  
  104  20:40  Extractor  
  104  20:41  Zergling x20  
  104  20:42  Zergling x6  
  116  20:57  Overlord x3  
  116  21:13  Zergling x2  
  116  21:14  Zergling x46  
  116  21:15  Zergling x2, Baneling  
  116  21:16  Baneling x24  
  116  21:17  Baneling  
  85  21:52  Zergling x2  
  85  21:53  Zergling x54  
  85  21:54  Zergling x8  
  100  21:57  Queen  
  102  22:08  Queen  
  104  22:16  Hydralisk Den  
  99  22:24  Zergling x10  
  99  22:25  Zergling x22  
  99  22:28  Baneling  
  99  22:29  Baneling x18  
  115  22:38  Drone x7  
  122  22:49  Grooved Spines  
  122  22:50  Hydralisk x13  
  122  22:51  Hydralisk x2  
  148  22:53  Overseer  
  148  22:55  Overseer  
  152  23:00  Drone  
  152  23:02  Drone x4  
  139  23:31  Zergling x6  
  139  23:32  Zergling x26  
  155  23:47  Zergling x2  
  155  23:48  Zergling x16  
  113  24:00  Zergling x10, Muscular Augments  
  113  24:01  Zergling x6  
  96  24:15  Zergling x2  
  96  24:16  Zergling x20  
  93  24:29  Queen  
  95  24:35  Extractor  
  94  24:46  Extractor  
  94  24:48  Hatchery  
  94  24:49  Zergling x4  
  94  24:50  Zergling x24  
  106  25:18  Zergling x16  
  106  25:19  Zergling x26  
  127  25:34  Drone  
  127  25:35  Drone x8  
  115  25:54  Zergling x20  
  115  25:55  Zergling x14  
  99  26:16  Zergling x4  
  99  26:17  Zergling x28  
  115  26:22  Baneling  
  115  26:23  Baneling x13  
  115  26:24  Zergling x2  
Show
View Real Time Build Order
Export as new Build Order

Ferrer Terran - Winner!

Build Orders: Reaper Expand 

Get SALT Encoding   

  12  0:00  SCV  
  13  0:12  SCV  
  14  0:17  Supply Depot  
  14  0:25  SCV  
  15  0:38  SCV  
  15  0:40  Barracks  
  16  0:45  Refinery  
  16  0:50  SCV  
  17  1:03  SCV  
  18  1:15  SCV  
  19  1:27  Orbital Command  
  19  1:29  Reaper  
  20  1:38  Command Center  
  20  1:46  Supply Depot  
  20  1:52  SCV  
  21  2:05  SCV  
  22  2:09  Barracks Reactor  
  22  2:15  Refinery  
  22  2:17  SCV  
  23  2:22  Factory  
  24  2:30  SCV  
  24  2:42  SCV  
  25  2:53  Orbital Command  
  25  2:56  SCV  
  26  3:03  Barracks Tech Lab  
  26  3:07  Starport  
  26  3:09  SCV  
  26  3:11  Supply Depot  
  27  3:21  SCV, Hellion x2  
  31  3:28  SCV  
  31  3:33  SCV  
  33  3:41  Barracks Tech Lab  
  33  3:42  Hellion  
  33  3:43  Hellion  
  37  3:51  Orbital Command  
  37  4:01  Liberator  
  40  4:04  Factory  
  40  4:13  Factory  
  40  4:17  SCV  
  40  4:19  SCV  
  42  4:25  Hellion x2  
  42  4:29  SCV  
  47  4:31  SCV  
  47  4:32  Command Center  
  48  4:41  SCV  
  48  4:43  SCV  
  50  4:54  SCV  
  50  4:55  SCV  
  50  5:06  Hellion x2  
  54  5:10  Supply Depot  
  54  5:11  Supply Depot  
  54  5:29  Hellion  
  54  5:31  SCV x2  
  54  5:32  Hellion x3  
  60  5:44  SCV x2  
  60  5:45  Refinery  
  60  5:46  Orbital Command  
  60  5:47  Refinery  
  62  5:50  Hellion  
  62  5:51  Infernal Pre-Igniter  
  62  5:53  Hellion x3  
  62  5:54  Armory  
  62  5:56  SCV x2  
  68  6:08  SCV x2  
  70  6:12  Hellion  
  70  6:13  Orbital Command  
  70  6:15  Hellion  
  74  6:20  SCV x2  
  74  6:25  Cyclone  
  79  6:26  Mag-Field Accelerator  
  79  6:30  Engineering Bay  
  79  6:32  SCV x2  
  81  6:33  Cyclone  
  81  6:39  Supply Depot  
  84  6:41  Supply Depot x2  
  84  6:42  Supply Depot  
  84  6:43  Supply Depot  
  84  6:44  Supply Depot  
  84  6:52  SCV  
  92  7:01  Cyclone, Hellion x2  
  92  7:04  SCV  
  92  7:05  Cyclone  
  81  7:16  SCV x2  
  81  7:25  SCV  
  81  7:28  Refinery, SCV x2  
  81  7:29  Refinery  
  84  7:30  Hellion x2  
  84  7:33  Cyclone  
  84  7:34  Terran Vehicle Weapons Level 1, Factory  
  84  7:36  Armory, Factory  
  91  7:37  Cyclone, SCV, Hi-Sec Auto Tracking  
  91  7:39  Missile Turret  
  95  7:49  SCV  
  95  7:50  SCV  
  97  7:51  Hellion  
  97  7:57  Supply Depot  
  99  7:59  Supply Depot  
  99  8:01  Smart Servos  
  99  8:04  Supply Depot  
  99  8:05  Cyclone  
  98  8:37  SCV  
  98  8:38  SCV  
  98  8:39  Hellion  
  98  8:40  Hellion  
  96  8:41  Factory Reactor x2  
  96  8:44  Cyclone x2  
  96  8:46  Starport Reactor  
  96  8:48  Terran Vehicle And Ship Armor Level 1  
  102  8:51  Fusion Core  
  102  9:07  Command Center  
  102  9:09  Hellion x2  
  106  9:11  SCV  
  106  9:14  Missile Turret  
  106  9:16  Sensor Tower, Missile Turret, Cyclone x2  
  113  9:17  Command Center  
  113  9:21  Missile Turret x2  
  113  9:22  Missile Turret  
  113  9:23  SCV  
  114  9:30  Supply Depot  
  114  9:31  Supply Depot x2, Hellion x2  
  118  9:33  Terran Vehicle Weapons Level 2  
  118  9:39  SCV  
  119  9:54  Refinery  
  119  9:58  Refinery  
  105  10:29  Hellion  
  105  10:30  Hellion x7  
  121  10:39  Supply Depot  
  121  10:43  Command Center  
  121  10:45  Supply Depot  
  121  10:48  Planetary Fortress  
  121  10:51  Hellion x3, Planetary Fortress  
  127  10:57  SCV x2  
  107  11:38  SCV  
  104  11:49  SCV x3  
  104  11:50  SCV  
  104  11:51  SCV  
  109  11:54  Terran Vehicle Weapons Level 3, Terran Vehicle And Ship Armor Level 2  
  109  12:01  SCV  
  109  12:03  SCV x2  
  112  12:09  Planetary Fortress  
  112  12:15  SCV  
  113  12:34  Missile Turret  
  109  12:55  Missile Turret  
  109  12:57  Hellion x8  
  95  13:18  Hellion  
  95  13:19  Hellion x7  
  111  13:36  Factory  
  111  13:38  Factory  
  111  13:39  Factory, Hellion  
  111  13:40  Cyclone, Hellion x6  
  128  13:51  SCV  
  128  13:53  SCV  
  130  13:59  Drilling Claws  
  130  14:01  Cyclone  
  133  14:03  SCV  
  133  14:05  SCV  
  133  14:09  Command Center  
  135  14:11  Refinery  
  135  14:12  Cyclone, SCV x2  
  135  14:13  Refinery  
  135  14:14  SCV  
  135  14:16  SCV  
  142  14:17  SCV  
  142  14:22  Sensor Tower  
  142  14:24  SCV  
  144  14:25  SCV  
  144  14:26  SCV  
  144  14:28  SCV  
  144  14:30  Sensor Tower  
  144  14:31  Command Center  
  147  14:33  Cyclone  
  147  14:37  SCV  
  147  14:38  SCV  
  123  15:02  Widow Mine x6  
  123  15:03  Cyclone  
  123  15:04  Factory Tech Lab  
  123  15:05  Cyclone  
  143  15:12  Missile Turret  
  143  15:14  Missile Turret x2  
  141  15:15  Missile Turret  
  141  15:16  Missile Turret  
  137  15:21  Factory Tech Lab  
  137  15:22  Factory Tech Lab  
  137  15:35  Cyclone  
  140  15:38  Cyclone  
  140  15:57  Widow Mine x4  
  109  16:17  Cyclone, Thor  
  109  16:18  Thor x3  
  136  16:24  Planetary Fortress  
  125  16:27  Hellion  
  125  16:30  SCV  
  126  16:42  SCV  
  126  16:45  Widow Mine x2  
  131  16:49  Thor  
  131  16:50  Terran Vehicle And Ship Armor Level 3  
  131  16:52  Terran Ship Weapons Level 1  
  137  16:54  SCV  
  137  17:01  Cyclone x2, Thor x2  
  153  17:11  Hellion x6  
  165  17:28  SCV  
  166  17:32  Thor x3, Hellion  
  166  17:33  Hellion x3  
  192  17:40  SCV  
  193  17:58  Cyclone x2  
  186  17:59  Hellion  
  184  18:10  Hellion  
  186  18:15  Cyclone x2  
  186  18:16  Cyclone  
  176  18:47  Cyclone  
  176  18:51  Missile Turret  
  176  18:52  Factory Tech Lab x2  
  176  18:53  Missile Turret  
  176  18:54  Missile Turret  
  175  18:56  Missile Turret x3  
  173  19:22  Hellion  
  173  19:23  Hellion x10  
  177  19:44  Hellion x11  
  179  20:05  Cyclone x3, Hellion  
  179  20:06  Hellion x5  
  179  20:32  Command Center  
  179  21:12  Thor  
  197  21:27  Hellion  
  199  21:46  Refinery  
  183  21:48  Refinery  
  154  21:56  Thor x4  
  166  22:03  Missile Turret  
  166  22:08  Planetary Fortress  
  166  22:17  Missile Turret  
  166  22:18  Missile Turret  
  166  22:20  Missile Turret  
  166  22:22  Missile Turret x4  
  166  22:23  Missile Turret  
  166  22:36  Terran Ship Weapons Level 2  
  166  22:46  Barracks  
  166  22:48  Barracks  
  166  22:51  Thor x4  
  190  23:07  Command Center  
  190  23:10  Missile Turret  
  176  23:33  Thor  
  176  23:34  Thor  
  142  24:18  Thor x2  
  142  24:19  Thor x2  
  160  24:28  Planetary Fortress  
  160  24:33  Command Center  
  160  24:44  Command Center  
  160  25:01  Thor x3  
  160  25:02  Thor, Hellion x4  
  160  25:03  Hellion x2  
  160  25:06  Unknown  
  196  25:23  Hellion  
Tags
 
Add a new tag
Caveats
  • Supply blocks, unpowered buildings, or Contaminate may cause inaccurate times.
  • Supply counts are checked every 10 seconds.